 Dungeon Crawl Stone Soup version 0.31-a0-845-g9abc20d24f (webtiles) character file.

Game seed: 11819829658102812842

1444 TheScarfBastard the Chopper (level 8, -2/105 HPs)
             Began as a Black Draconian Berserker on Oct 2, 2023.
             Was a Priest of Trog.
             Slain by a wight
             ... wielding a +3 great sword of freezing
              (4 damage)
             ... on level 6 of the Dungeon.
             The game lasted 00:15:35 (5493 turns).

TheScarfBastard the Chopper (DrBe)                  Turns: 5493, Time: 00:15:36

Health: -2/105     AC:  7    Str: 21    XL:     8   Next: 46%
Magic:  8/8        EV: 15    Int:  9    God:    Trog [***...]
Gold:   70         SH:  0    Dex: 16    Spells: 7/7 levels left

rFire   . . .        c - +5 dire flail
rCold   . . .        (shield currently unavailable)
rNeg    . . .        (body armour unavailable)
rPois   .            (helmet restricted)
rElec   +            (no cloak)
rCorr   .            i - +0 pair of gloves
SInv    .            (no boots)
Will    +....        (no amulet) Stlth
                     g - ring of willpower
HPRegen 0.37/turn    v - +6 ring of dexterity
MPRegen 0.11/turn

%: no passive effects
@: berserking (expiring), short of breath, marked, very quick
A: breathe lightning, AC +6, unfitting armour, electricity resistance,
cold-blooded
a: Breathe Lightning, Renounce Religion, Berserk, Trog's Hand


You were on level 6 of the Dungeon.
You worshipped Trog.
Trog was most pleased with you.
You visited 2 branches of the dungeon, and saw 7 of its levels.
You also visited: Sewer.

You collected 203 gold pieces.
You spent 133 gold pieces at shops.

Inventory:

Hand Weapons
 a - a +0 hand axe of protection
 c - a +5 dire flail (weapon)
 j - a +3 whip
 q - a +2 dagger of distortion
 u - a +4 spear
Armour
 i - a +0 pair of gloves (worn)
Jewellery
 e - an amulet of magic regeneration
 g - a ring of willpower (left hand)
 v - a +6 ring of dexterity (right hand)
Talismans
 f - a maw talisman
Wands
 r - a wand of mindburst (6)
 s - a wand of iceblast (5)
Scrolls
 l - a scroll of amnesia
 n - a scroll of revelation
 t - a scroll of enchant armour {unknown}
Potions
 b - a potion of mutation {unknown}
 d - 2 potions of magic
 h - 2 potions of brilliance
 k - 2 potions of enlightenment {unknown}
 m - a potion of degeneration {unknown}
 o - 2 potions of haste {unknown}


   Skills:
 + Level 6.2 Fighting
 + Level 7.6 Axes
 + Level 1.0(4.8) Maces & Flails
 + Level 5.7 Dodging
 + Level 2.2 Stealth


You had 7 spell levels left.
You didn't know any spells.
Your spell library was empty.

Dungeon Overview and Level Annotations

Branches:
Dungeon (6/15)             Temple (1/1) D:5           Sewer (visited)

Altars:
Ashenzari
Cheibriados
Elyvilon
Fedhas
Gozag
Hepliaklqana
Nemelex Xobeh
Okawaru
Qazlal
Ru
Trog
Uskayaw
Vehumet
Wu Jian
Xom
Yredelemnul
The Shining One

Shops:
D:3 ?

Annotations:
D:6 Eustachio, Prince Ribbit


Innate Abilities, Weirdness & Mutations

You can breathe wild blasts of lightning.
Your glossy black scales are hard. (AC +6)
You cannot fit into any form of body armour.
You are resistant to electric shocks. (rElec)
You are cold-blooded and may be slowed by cold attacks.


Message History

The bullfrog completely misses you.
The bullfrog hits you but does no damage.
The wight misses you.
The orc hits you from afar with a +0 trident.
Eustachio casts a spell.
You sock the orc priest!
You kill the orc priest!
Trog accepts your kill.
You feel yourself speed up.
The bullfrog hits you but does no damage.
Prince Ribbit misses you.
The orc closely misses you. x2; Something hits you.
The wight hits you with a +3 great sword of freezing.
You feel yourself slow down. The wight freezes you.
The bullfrog closely misses you.
Your base Maces & Flails skill increases to level 1!
You barely miss the orc. Prince Ribbit hits you.
The bullfrog hits you but does no damage.
The orc hits you with a +0 short sword.
The orc hits you from afar with a +0 trident.
* * * LOW HITPOINT WARNING * * *
The orc barely misses you.
You hear some strange, mumbled words.
A magic dart appears from out of thin air!
The magic dart hits you.
* * * LOW HITPOINT WARNING * * *
The wight barely misses you. Prince Ribbit hits you!
* * * LOW HITPOINT WARNING * * *
You completely miss the orc.
You feel yourself speed up. The bullfrog hits you.
* * * LOW HITPOINT WARNING * * *
Prince Ribbit misses you. The orc hits you with a +0 short sword.
* * * LOW HITPOINT WARNING * * *
The orc hits you from afar with a +0 trident.
* * * LOW HITPOINT WARNING * * *
The wight completely misses you. The orc hits you but does no damage.
Something hits you.
* * * LOW HITPOINT WARNING * * *
The wight hits you with a +3 great sword of freezing.
You die...

# #..#.....####..# .... .
# #.........##...##......
# ##.........##.....# .##
#######..........#..##....
.................##.#...
..............#.r.#5h#.##.
..............#.@o......?.
....#.........rF{###......
.#..##........Yo@## ##o..
##............ozoF#... o
#.....###....zoS....#
##.....#...........##
...........##....###
...........##...o.#
#..........#...#..#
##............##.o#
..#........ ..#


You could see Eustachio, Prince Ribbit, an ice beast, a bullfrog, 2 wights, an
adder, a river rat (summoned), 7 orcs and a rat (summoned).

Vanquished Creatures
  An orc warrior (D:6)
  2 black bears
  2 kobold brigands (Sewer)
  2 wights (D:6)
  3 killer bees (D:6)
  3 hounds
  4 orc priests
  2 jellies (D:5)
  Ijyb (D:5)
  5 iguanas
  A sleepcap (D:5)
  2 orc wizards (D:6)
  3 gnolls (D:5)
  11 adders
  A river rat (D:5)
  A shadow imp (D:6)
  3 white imps
  4 worms
  2 dart slugs
  16 orcs
  12 endoplasms
  3 giant cockroaches
  8 goblins
  7 hobgoblins
  13 kobolds
  5 quokkas
  13 ball pythons
  6 bats
  2 frilled lizards
  4 rats
142 creatures vanquished.

Notes
Turn   | Place    | Note
-------+----------+-------------------------------------------
     0 | D:1      | TheScarfBastard the Draconian Berserker began the quest for
                  | the Orb.
     0 | D:1      | Reached XP level 1. HP: 19/19 MP: 1/1
   225 | D:1      | Reached XP level 2. HP: 23/26 MP: 2/2
   932 | D:2      | Reached XP level 3. HP: 26/31 MP: 3/3
   937 | D:2      | Reached ** piety under Trog
  1459 | D:3      | Found Kiom's Magic Scroll Emporium.
  1469 | D:3      | Reached skill level 4 in Axes
  1469 | D:3      | Reached XP level 4. HP: 26/40 MP: 4/4
  2030 | D:4      | Reached skill level 1 in Stealth
  2030 | D:4      | Reached XP level 5. HP: 38/46 MP: 5/5
  2532 | D:4      | Reached skill level 5 in Axes
  2546 | D:4      | Found a sacrificial altar of Ru.
  2639 | D:4      | Noticed a black bear
  2647 | D:4      | Killed a black bear
  2648 | D:4      | Reached XP level 6. HP: 53/53 MP: 6/6
  2844 | D:5      | Entered Level 5 of the Dungeon
  2993 | D:3      | Bought a scroll of brand weapon for 133 gold pieces
  3320 | D:5      | Found a glowing drain.
  3351 | Sewer    | Entered a sewer
  3380 | Sewer    | Reached *** piety under Trog
  3773 | Sewer    | Your scales start taking on a glossy black colour.
  3773 | Sewer    | Reached XP level 7. HP: 27/60 MP: 7/7
  3773 | Sewer    | Gained mutation: You are resistant to electric shocks.
                  | (rElec) [Black Draconian growth]
  3980 | Sewer    | Reached skill level 6 in Axes
  4315 | D:5      | Found a blossoming altar of Fedhas.
  4317 | D:5      | Found a white marble altar of Elyvilon.
  4340 | D:5      | Noticed Ijyb
  4357 | D:5      | Killed Ijyb
  4520 | D:5      | Reached skill level 5 in Fighting
  4532 | D:5      | HP: 2/91 [iguana (8)]
  5074 | D:5      | Found a basalt altar of Yredelemnul.
  5131 | D:5      | Reached skill level 5 in Dodging
  5194 | D:5      | Found a staircase to the Ecumenical Temple.
  5200 | Temple   | Entered the Ecumenical Temple
  5285 | D:6      | Reached skill level 7 in Axes
  5285 | D:6      | Reached XP level 8. HP: 55/70 MP: 8/8
  5483 | D:6      | Noticed Prince Ribbit
  5487 | D:6      | Noticed Eustachio
  5492 | D:6      | Reached skill level 1 in Maces & Flails
  5493 | D:6      | HP: 5/105 [orc/+0 trident (1)]
  5493 | D:6      | HP: 2/105 [something (3)]
  5493 | D:6      | Slain by a wight

Illustrated notes

Levels and vault maps discovered:
D:1:      spicycebolla_arrival_risky_transporter, layout_loops_ring
D:2:      layout_loops_corners, st_stairs_11, minmay_pentomino_pile
D:3:      cheibrodos_old_hovel, layout_rooms, serial_shops, shop
D:4:      layout_loops_ring, lemuel_coloured_pillars_altar
D:5:      layout_cave_pods, mainiacjoe_overflow_small_starburst,
          mainiacjoe_overflow_catwalk_spiral,
          minmay_temple_entry_enclosed_plants, cheibrodos_sewer_entry_sluice,
          hangedman_decor_riveting, minmay_strange_pillars, uniq_ijyb
D:6:      layout_cave_pools, zin_treasury, uniq_prince_ribbit1, uniq_eustachio
Temple:   nicolae_temple_god_jail

Skill      XL: |  1  2  3  4  5  6  7  8 |
---------------+-------------------------+-----
Dodging        | 3 4 5 |  5.7
Axes           | 4 5 7 |  7.6
Fighting       | 4 5 6 |  6.2
Stealth        | 1 2 |  2.2
Maces & Flails | 1 |  1.0

Action                     |  1- 3 |  4- 6 |  7- 9 || total
---------------------------+-------+-------+-------++-------
  Melee: Hand axe          |   103 |   182 |   208 ||   493
         Punch             |     2 |       |     2 ||     4
         Tailslap          |     9 |    14 |    32 ||    55
         Dire flail        |       |       |    14 ||    14
 Invoke: Berserk           |     2 |     4 |     4 ||    10
         Trog's Hand       |       |     1 |     2 ||     3
Ability: Breathe Lightning |       |       |     2 ||     2
    Use: Scroll            |     3 |     5 |     1 ||     9
         Potion            |       |       |     5 ||     5
   Stab: Sleeping          |     1 |     3 |       ||     4
 Armour: Skin              |    88 |   114 |   190 ||   392
  Dodge: Dodged            |   117 |   141 |   194 ||   452

Table legend: (Time is in decaauts)
 A = Elapsed time spent in this place.
 B = Non-inter-level travel time spent in this place.
 C = Inter-level travel time spent in this place.
 D = Time resting spent in this place.
 E = Time spent auto-exploring this place.
 F = Levels seen in this place.
 G = Mean time per level.
                   A        B        C        D        E       F      G
               +--------+--------+--------+--------+--------+-----+--------+
         Total |   5774 |   5428 |    346 |      0 |   3577 |   8 |  721.8 |
       Dungeon |   4570 |   4252 |    318 |      0 |   2874 |   6 |  761.7 |
        Temple |     29 |      1 |     28 |      0 |      0 |   1 |   29.0 |
         Sewer |   1173 |   1173 |      0 |      0 |    703 |   1 | 1173.0 |
               +--------+--------+--------+--------+--------+-----+--------+

Top non-repeatable levels by time:
     D:5: 1196 daAuts
   Sewer: 1173 daAuts
     D:4: 1083 daAuts
     D:2: 836 daAuts
     D:1: 620 daAuts
     D:3: 613 daAuts
     D:6: 220 daAuts
  Temple: 29 daAuts
